[Event "42nd GRE-ch Women 2019"]
[Site "Thessaloniki"]
[Date "2019.11.24"]
[Round "5.5"]
[White "Markantonaki, Haritomeni"]
[Black "Serefidou, Despina"]
[Result "1-0"]
[ECO "B90"]
[WhiteElo "2178"]
[BlackElo "1899"]
[Annotator "ChessBase"]
[PlyCount "55"]
[EventDate "2019.11.20"]
[EventType "tourn"]
[EventCountry "GRE"]
[SourceTitle "playchess.com"]
[Source "ChessBase"]
[SourceQuality "1"]
[TimeControl "40/5400+30:1800+30"]

1. e4 c5 2. Nf3 d6 3. d4 cxd4 4. Nxd4 Nf6 5. Nc3 a6 6. Be3 e5 7. Nb3 Be6 8. h3 h5 9. Qd2 Nbd7 10. O-O-O b5 11. f4 b4 12. Nd5 Nxe4 13. Qxb4 Nef6 14. Bc4 Nxd5 15. Bxd5 Bxd5 16. Rxd5 Be7 17. Rhd1 Qc7 18. fxe5 Nxe5 19. Nd4 g6 20. Nf3 Nxf3 21. gxf3 O-O 22. Bd4 Rfc8 23. Qd2 Qc6 24. Bc3 Bf8 25. Qd4 f5 26. Qh8+ Kf7 27. Qf6+ Ke8 28. Re1+ 1-0

[Event "42nd GRE-ch Women 2019"]
[Site "Thessaloniki"]
[Date "2019.11.25"]
[Round "6.1"]
[White "Hristodoulaki, Antonia"]
[Black "Serefidou, Despina"]
[Result "0-1"]
[ECO "C50"]
[WhiteElo "2054"]
[BlackElo "1899"]
[Annotator "NA RC"]
[PlyCount "118"]
[EventDate "2019.11.20"]
[EventType "tourn"]
[EventCountry "GRE"]
[SourceTitle "playchess.com"]
[Source "ChessBase"]
[SourceQuality "1"]
[TimeControl "40/5400+30:1800+30"]

1. e4 e5 2. Nf3 Nc6 3. Bc4 Nf6 4. d3 Bc5 5. O-O d6 6. a4 a6 {[%emt 0:02:56] C50: Hungarian Defence and Giuoco Pianissimo} 7. c3 Ba7 8. Re1 h6 9. h3 O-O 10. a5 (10. Nbd2 Re8 11. b4 Be6 12. Bxe6 Rxe6 13. Nf1 Qd7 14. Be3 Bxe3 15. Nxe3 d5 {1-0 (53) Vachier Lagrave,M (2774)-Aronian,L (2758) Khanty-Mansiysk 2019}) 10... Nh5 11. Be3 $146 ({Predecessor:} 11. d4 Qf6 12. Be3 Nf4 13. Bf1 g5 {½-½ (39) Lehtinen,P (2248)-Miettinen,K (2342) ICCF email 2013}) 11... Qf6 12. Nh2 Qg6 13. Kh1 Bxe3 14. Rxe3 Kh8 15. g4 ({White should play} 15. Nd2 $15) 15... Nf4 16. Rg3 Be6 17. Nd2 d5 ({Black should play} 17... Rfd8 $17 18. Qb3 Rab8 19. Bxe6 Qxe6 20. Qxe6 fxe6) 18. exd5 Bxd5+ 19. Bxd5 Nxd5 20. Qf3 (20. Ne4 $15) 20... Rad8 21. Nc4 Qg5 (21... f6 $17 22. Nf1 Nf4) 22. Qe4 Qf4 23. Nf3 Rfe8 24. Ng1 (24. g5 $11) 24... Qxe4+ 25. dxe4 Nf4 26. Re1 Nd3 27. Re2 Nc1 28. Re1 Nb3 29. Nf3 f6 30. Nh4 Ncxa5 31. Nxa5 Nxa5 32. Rge3 Rd2 33. R3e2 Rxe2 34. Rxe2 Rd8 35. Kg2 Kg8 36. Nf3 Nb3 37. Re1 Kf7 38. h4 Ke6 39. g5 hxg5 40. hxg5 a5 41. Rh1 Nc5 42. Rh4 $19 Nd3 43. b3 Nf4+ 44. Kg3 Ne2+ 45. Kg4 Nxc3 46. Rh7 Rd7 47. gxf6 gxf6 48. Rxd7 Kxd7 49. Kf5 Ke7 50. Nd2 b5 51. f4 exf4 52. e5 fxe5 53. Kxe5 Ne2 54. Ke4 Kd6 55. Kf3 Nc1 56. Kxf4 Kc5 57. Ke5 Kb4 58. Kd5 Nxb3 59. Kc6 Nxd2 0-1

[Event "42nd GRE-ch Women 2019"]
[Site "Thessaloniki"]
[Date "2019.11.25"]
[Round "6.3"]
[White "Stefanidi, Maria-Anna"]
[Black "Koutsidi, Amalia"]
[Result "1/2-1/2"]
[ECO "A00"]
[WhiteElo "2012"]
[BlackElo "1724"]
[Annotator "NA RC"]
[PlyCount "117"]
[EventDate "2019.11.20"]
[EventType "tourn"]
[EventCountry "GRE"]
[SourceTitle "playchess.com"]
[Source "ChessBase"]
[SourceQuality "1"]
[TimeControl "40/5400+30:1800+30"]

1. g3 d5 2. Bg2 Nf6 3. d3 g6 4. Bg5 Bg7 5. c3 O-O 6. Qd2 c6 7. Na3 e5 8. h4 h5 9. O-O-O b5 10. f4 Qc7 ({Better is} 10... exf4 $17 11. Qxf4 Nbd7) 11. e4 (11. fxe5 $11 {remains equal.} Qxe5 12. Bf4) 11... dxe4 12. dxe4 Be6 13. Kb1 Na6 14. f5 Rad8 15. Qc1 (15. Qc2 $17 {was worth a try.} gxf5 16. Rxd8 Qxd8 17. exf5) 15... Bc4 $2 (15... gxf5 $19 16. Bxf6 Bxf6) 16. Nxc4 bxc4 17. Ne2 Nc5 18. Bxf6 Bxf6 19. g4 $2 ({White should try} 19. fxg6 $15 fxg6 20. Rxd8 Rxd8 21. Qh6) 19... Nd3 ({Don't take} 19... hxg4 20. Qh6) 20. Qe3 {[%emt 0:08:10] [#]} Qb6 $2 ({Much less strong is} 20... hxg4 21. fxg6 fxg6 22. Nc1 $19) (20... Qb7 $1 $19 21. Rd2 {[#]} Nf2 $1 22. Rxd8 Rxd8) 21. Qxb6 axb6 22. gxh5 Nf2 23. Rxd8 Rxd8 24. Rg1 Bxh4 ({Black should try} 24... gxh5 $17 25. Bf3+ Kf8) 25. hxg6 fxg6 26. Nc1 {[%emt 0:06:25] [#]} g5 $1 27. Kc2 (27. Bf3 $17) 27... Kg7 28. Bf3 Kf6 29. b3 cxb3+ 30. axb3 {[%emt 0:00:18] [#]} Nh3 $2 ({Black should try} 30... g4 $1 $19 31. Bxg4 Rg8) 31. Rg2 Nf4 32. Rd2 Rxd2+ 33. Kxd2 Bf2 34. b4 Bg1 35. Nb3 Bh2 36. Ke1 Bg3+ 37. Kf1 Nd3 38. Nd2 Nb2 39. Ke2 Na4 40. c4 Nb2 41. c5 bxc5 42. bxc5 Na4 43. Nb3 Nc3+ 44. Kd3 Nb5 45. Bh5 Ke7 46. Be2 Bf2 47. Bd1 Nc7 48. Kc4 Na6 49. Bh5 Be3 50. Bg4 Kf6 51. Bf3 Bf2 52. Na5 Nxc5 53. Nxc6 g4 54. Bg2 g3 55. Nb4 Nd7 56. Kd5 Nb6+ 57. Kc6 Nc4 58. Nd5+ $11 Kf7 59. Kd7 1/2-1/2

[Event "42nd GRE-ch Women 2019"]
[Site "Thessaloniki"]
[Date "2019.11.25"]
[Round "6.4"]
[White "Makka, Evanthia"]
[Black "Grapsa, Georgia"]
[Result "1/2-1/2"]
[ECO "A47"]
[WhiteElo "2059"]
[BlackElo "2026"]
[Annotator "NA RC"]
[PlyCount "104"]
[EventDate "2019.11.20"]
[EventType "tourn"]
[EventCountry "GRE"]
[SourceTitle "playchess.com"]
[Source "ChessBase"]
[SourceQuality "1"]
[TimeControl "40/5400+30:1800+30"]

1. d4 Nf6 2. Nf3 b6 3. e3 Bb7 4. Bd3 g6 5. c4 Bg7 6. O-O {[%emt 0:00:18] A47: 1 d4 Nf6 2 Nf3 b6: Torre, London and Colle Systems} O-O 7. Re1 Ne4 8. d5 Nc5 9. Bc2 c6 $146 ({Predecessor:} 9... e6 10. e4 d6 11. Bg5 Qc8 {½-½ (38) Salem,A (2624)-Shabalov,A (2522) Berlin 2015}) 10. e4 Ba6 11. Qe2 e6 12. dxe6 ({White should try} 12. Nc3 $16) 12... Nxe6 13. Na3 d6 14. Qd2 c5 15. Ba4 Bb7 16. Nc2 Nc6 17. Bxc6 Bxc6 18. Rb1 {[%emt 0:00:36] [#]} a5 (18... Qd7 $1 $17 19. b4 f5) 19. b3 Re8 20. Qd3 Ra7 21. Be3 Nf8 22. Nd2 Qf6 23. f3 Rd7 24. a4 Ne6 25. Nf1 h5 26. Qd2 h4 27. h3 Qe5 28. Nh2 Qh5 29. Rbd1 f5 30. exf5 gxf5 31. Bf2 Be5 32. Ne3 (32. Kh1 $17) 32... Nd4 $2 (32... Nf4 $19 {is more deadly.} 33. Kh1 Rg7) 33. Nd5 Bxd5 34. cxd5 Rde7 35. Qd3 Qg5 36. Nf1 Rg7 37. g4 hxg3 38. Bxd4 Bxd4+ 39. Kg2 Rge7 40. Rxe7 Rxe7 41. Rd2 f4 42. Re2 Kg7 43. Re4 Re5 44. Qe2 Qe7 45. Rxe5 Bxe5 46. Nd2 Qf7 47. Qe4 Qf6 48. Nc4 Ba1 49. Qd3 (49. Qe8 $11) 49... Qd4 50. Qe2 (50. Qd2 $1 $11) 50... Qxd5 51. Qe7+ Kg8 ({Black should play} 51... Kg6 $15) 52. Qe8+ Kg7 (52... Kh7 $15) 1/2-1/2

[Event "42nd GRE-ch Women 2019"]
[Site "Thessaloniki"]
[Date "2019.11.26"]
[Round "7.2"]
[White "Grapsa, Georgia"]
[Black "Vozinaki, Anthi - Maria"]
[Result "1/2-1/2"]
[ECO "A53"]
[WhiteElo "2026"]
[BlackElo "1878"]
[Annotator "NA RC"]
[PlyCount "106"]
[EventDate "2019.11.20"]
[EventType "tourn"]
[EventCountry "GRE"]
[SourceTitle "playchess.com"]
[Source "ChessBase"]
[SourceQuality "1"]
[TimeControl "40/5400+30:1800+30"]

1. d4 Nf6 2. c4 d6 3. Nf3 Nbd7 4. g3 e5 5. Bg2 Be7 6. O-O O-O 7. Nc3 c6 8. h3 Re8 9. e4 Bf8 10. Re1 {[%emt 0:07:22] A55: Old Indian Defence with Nf3 and e4} a6 11. b3 b5 12. d5 cxd5 13. cxd5 Bb7 (13... Qc7 $5 14. Bd2 Bb7 $14) 14. Bb2 $146 ({Predecessor:} 14. Bd2 Rc8 15. Qe2 g6 16. Rec1 Nh5 17. Ne1 Ng7 {½-½ (59) Ilic,Z (2285)-Ivanovic,D (2360) Kragujevac 2013}) 14... Qb6 15. g4 g6 16. Qe2 Rec8 17. Rec1 Ne8 18. h4 Ng7 19. Bh3 Qd8 20. Qe3 Be7 21. g5 Rc7 (21... f5 $11) 22. Nh2 (22. Ne2 $14) 22... f5 23. gxf6 Bxf6 (23... Nxf6 $15 24. a4 b4) 24. Ng4 Bxh4 25. Ne2 Rxc1+ 26. Rxc1 h5 27. Nh6+ Kh7 28. Nf7 Qf6 29. Rc7 {[%emt 0:05:00] Double Attack} Rf8 30. Qh6+ Kg8 31. f4 Rxf7 32. Bxd7 ({But not} 32. Rxb7 g5 $15) 32... Qd8 33. Rxb7 Rxd7 34. Rxd7 Qxd7 35. Qxg6 Qa7+ 36. Kh1 Qe3 37. Qg2 Bf2 38. f5 Qxe2 39. f6 $19 Qe1+ 40. Kh2 Qg1+ 41. Qxg1 Bxg1+ 42. Kxg1 Ne8 43. Ba3 Kf7 44. Kg2 Kxf6 45. Kg3 Kg6 46. Bb4 Nf6 47. Kf3 Ne8 48. Kg3 Kg5 49. Bd2+ Kf6 50. Kh4 Kg6 51. Bg5 Nc7 52. Be7 Ne8 53. Bg5 Nc7 1/2-1/2

[Event "42nd GRE-ch Women 2019"]
[Site "Thessaloniki"]
[Date "2019.11.26"]
[Round "7.3"]
[White "Koutsidi, Amalia"]
[Black "Makka, Evanthia"]
[Result "1/2-1/2"]
[ECO "B11"]
[WhiteElo "1724"]
[BlackElo "2059"]
[Annotator "NA RC"]
[PlyCount "75"]
[EventDate "2019.11.20"]
[EventType "tourn"]
[EventCountry "GRE"]
[SourceTitle "playchess.com"]
[Source "ChessBase"]
[SourceQuality "1"]
[TimeControl "40/5400+30:1800+30"]

1. e4 c6 2. Nc3 d5 3. Nf3 Bg4 4. h3 Bh5 5. exd5 cxd5 6. Bb5+ Nc6 7. g4 Bg6 8. Ne5 Rc8 9. d4 e6 10. h4 f6 11. Nxg6 hxg6 12. Qd3 Kf7 13. Bxc6 Rxc6 14. Bd2 {[%emt 0:00:21] B11: Caro-Kann: Two Knights Variation} (14. Ne2 Bd6 15. Bf4 Ne7 16. Bxd6 Qxd6 17. O-O-O a6 18. Kb1 b5 19. h5 Rcc8 20. f4 Qc7 21. hxg6+ Nxg6 {0-1 (47) Abreu Delgado,A (2452)-Barbosa,O (2518) chess.com INT 2017}) 14... Bb4 15. O-O-O Bxc3 16. Bxc3 Qc7 17. Kb1 Ne7 $146 (17... Qd6 $14) ({Predecessor:} 17... Ra6 18. Bb4 Nh6 19. h5 gxh5 20. Rxh5 Qc4 21. Qxc4 dxc4 {1-0 (54) Kundin,A (2305)-Mittelman,G (2415) Rishon Le Ziyyon 1997}) 18. Rde1 Qb6 19. Qg3 a5 20. a3 Qa7 21. h5 gxh5 22. gxh5 b6 23. Re2 Qc7 24. Qg4 Nf5 $14 25. Qg6+ Kf8 26. Qg4 Qf7 27. Bd2 Rc4 28. c3 b5 29. Rhe1 Rc6 30. Qf4 Rd6 31. c4 bxc4 32. Bxa5 Kg8 33. Bb4 Rc6 34. Qb8+ Kh7 35. Qf4 Kg8 36. Qb8+ Kh7 37. Qf4 Kg8 38. Qb8+ 1/2-1/2

[Event "42nd GRE-ch Women 2019"]
[Site "Thessaloniki"]
[Date "2019.11.26"]
[Round "7.4"]
[White "Markantonaki, Haritomeni"]
[Black "Stefanidi, Maria-Anna"]
[Result "1-0"]
[ECO "B75"]
[WhiteElo "2178"]
[BlackElo "2012"]
[Annotator "RC"]
[PlyCount "95"]
[EventDate "2019.11.20"]
[EventType "tourn"]
[EventCountry "GRE"]
[SourceTitle "playchess.com"]
[Source "ChessBase"]
[SourceQuality "1"]
[TimeControl "40/5400+30:1800+30"]

1. e4 c5 2. Nf3 d6 3. d4 cxd4 4. Nxd4 Nf6 5. Nc3 g6 6. Be3 Bg7 7. f3 a6 8. Qd2 Nbd7 9. g4 Ne5 10. g5 Nfd7 11. O-O-O b5 12. f4 Nc4 13. Bxc4 bxc4 14. Nc6 Qc7 15. Nxe7 Bb7 16. Ned5 Qa5 17. Bd4 O-O 18. Bxg7 Kxg7 19. Qd4+ f6 20. Qxc4 Rac8 21. Qd4 Qc5 22. Qxc5 Rxc5 23. h4 f5 24. Rhe1 fxe4 25. Rxe4 Rf7 26. Re6 Rc6 27. Ne4 Nc5 28. Nxc5 dxc5 29. Rxc6 Bxc6 30. Nf6 Re7 31. c4 Re6 32. Rd8 h5 33. Kd2 Kf7 34. a3 Ke7 35. Rd3 Kf7 36. b4 cxb4 37. axb4 Bg2 38. Rd7+ Kf8 39. c5 Bf1 40. Rd6 Re2+ 41. Kc3 Re3+ 42. Kd4 Rd3+ 43. Ke4 Rb3 44. Nd5 Bg2+ 45. Ke5 Bxd5 46. Kxd5 Rxb4 47. c6 Rb5+ 48. Ke6 1-0

[Event "42nd GRE-ch Women 2019"]
[Site "Thessaloniki"]
[Date "2019.11.26"]
[Round "7.5"]
[White "Serefidou, Despina"]
[Black "Makka, Ioulia"]
[Result "0-1"]
[ECO "B11"]
[WhiteElo "1899"]
[BlackElo "2048"]
[Annotator "NA RC"]
[PlyCount "68"]
[EventDate "2019.11.20"]
[EventType "tourn"]
[EventCountry "GRE"]
[SourceTitle "playchess.com"]
[Source "ChessBase"]
[SourceQuality "1"]
[TimeControl "40/5400+30:1800+30"]

1. e4 c6 2. Nc3 d5 3. Nf3 Bg4 4. h3 Bxf3 5. Qxf3 e6 6. d4 Nf6 7. Bd3 dxe4 8. Nxe4 Nxe4 9. Qxe4 Nd7 10. c3 Nf6 11. Qe2 Qc7 {[%emt 0:13:26] B11: Caro-Kann: Two Knights Variation} 12. g3 $146 ({Predecessor:} 12. O-O Bd6 13. Qf3 h6 14. Re1 Qa5 15. Bf4 Bxf4 16. Qxf4 O-O-O 17. Re5 Qc7 18. Qf3 Rd5 19. Rae1 {0-1 (64) David,A (2565)-Kovalenko,I (2650) Tromsoe 2014}) 12... Bd6 13. Bc2 O-O-O 14. Bg5 Qa5 15. Bxf6 gxf6 16. Qc4 Qg5 17. h4 Qh5 18. Qe2 Qh6 19. Rd1 f5 20. b4 Kb8 $11 21. a3 Rhg8 22. Qf3 Rg4 23. b5 cxb5 24. Rb1 a6 25. a4 b4 26. cxb4 Rxd4 27. Qc3 Bxb4 28. Rxb4 Rxb4 29. Qxb4 Qc1+ 30. Ke2 Qxh1 31. Qe7 Qd5 32. Qb4 Qd7 33. Qf4+ Ka8 34. a5 Qb5+ 0-1

[Event "42nd GRE-ch Women 2019"]
[Site "Thessaloniki"]
[Date "2019.11.27"]
[Round "8.1"]
[White "Hristodoulaki, Antonia"]
[Black "Makka, Ioulia"]
[Result "0-1"]
[ECO "B13"]
[WhiteElo "2054"]
[BlackElo "2048"]
[Annotator "NA RC"]
[PlyCount "162"]
[EventDate "2019.11.20"]
[EventType "tourn"]
[EventCountry "GRE"]
[SourceTitle "playchess.com"]
[Source "ChessBase"]
[SourceQuality "1"]
[TimeControl "40/5400+30:1800+30"]

1. e4 c6 2. d4 d5 3. exd5 cxd5 4. Bd3 Nc6 5. c3 Nf6 6. Bf4 g6 7. Nf3 Bg7 8. h3 Bf5 9. Bxf5 {[%emt 0:01:59] B13: Caro-Kann: Exchange Variation and Panov-Botvinnik Attack} (9. O-O Bxd3 10. Qxd3 O-O 11. Nbd2 e6 12. Rfe1 a6 13. a4 Qb6 14. b4 Rac8 15. a5 Qd8 16. Nb3 Na7 {0-1 (35) Geller,J (2518)-Indjic,A (2620) St Petersburg 2018}) 9... gxf5 10. Nbd2 e6 11. Ne5 Nd7 12. Nd3 $146 ({Predecessor:} 12. Nxd7 Qxd7 13. Nb3 O-O 14. Qh5 f6 15. O-O-O Qf7 16. Qh4 e5 17. dxe5 fxe5 {0-1 (68) Erenska Barlo,H (2235)-Myc,M (2350) Koszalin 1997}) 12... Rc8 13. g4 Ne7 14. Nf1 h5 15. gxh5 a6 16. Ng3 Ng8 17. Qe2 Qe7 18. Kf1 Ndf6 19. Rg1 Kf8 20. Be5 Rh7 21. f3 Bh6 {[%emt 0:02:55] [#]} (21... Ne8 $14) 22. Re1 $1 b6 23. Qg2 Qd7 24. Qc2 Qc6 25. Kf2 Nd7 26. Nb4 Qb5 27. Bd6+ Kg7 28. Nxf5+ Kh8 {[%emt 0:00:03] [#]} 29. Ng3 $2 (29. Rxe6 $3 $18 {[%mdl 512] and White stays clearly on top.} fxe6 30. Nh4) 29... Bg5 30. Qd1 a5 31. Nd3 Bh4 32. f4 $2 {[%emt 0:01:35] [#]} (32. Kg2 $16) 32... Ngf6 (32... Nh6 $1 $17 33. Kf3 Bxg3) 33. Ke3 $2 (33. a4 $11 {and White is okay.} Qc6 34. Be5) 33... Bxg3 34. Rxg3 Ne4 35. Reg1 Nxd6 36. Rg5 Nf5+ 37. Kd2 Nf6 38. Ke2 Ne4 39. R5g2 Nf6 $2 (39... Qc4 $19 40. Qb3 Qc7) 40. Rg5 $1 Nxh5 41. Qf1 f6 42. Rg6 Ne7 43. R6g4 Rg8 44. Qf3 Rxg4 45. hxg4 Ng7 46. Rh1 Rxh1 47. Qxh1+ Kg8 48. Qh6 Kf7 49. Kd2 Ng6 50. g5 fxg5 51. Qxg5 Qe8 52. Qh6 Qe7 53. Kc2 Qf6 54. b3 Qf5 55. c4 Qe4 56. Kc3 Qxd4+ 57. Kxd4 Nf5+ 58. Kc3 d4+ 59. Kd2 Nxh6 60. Ke2 Ke7 61. Kf3 Kd6 62. Ke4 Nf5 63. a3 Kc6 64. b4 axb4 65. axb4 Kd7 66. Nb2 Nge7 67. Na4 Nc8 68. Ke5 d3 69. Ke4 d2 70. Nb2 Nce7 71. Kd3 Ng6 72. Kxd2 Nxf4 73. Kc3 e5 74. Kd2 e4 75. Na4 e3+ 76. Ke1 Kc7 77. Nc3 Nd3+ 78. Ke2 Nxb4 79. Kf3 Nc2 80. Ke4 Nfd4 81. Kd3 e2 {[%emt 0:00:34] Kxd4} 0-1

[Event "42nd GRE-ch Women 2019"]
[Site "Thessaloniki"]
[Date "2019.11.27"]
[Round "8.2"]
[White "Stefanidi, Maria-Anna"]
[Black "Serefidou, Despina"]
[Result "1/2-1/2"]
[ECO "C54"]
[WhiteElo "2012"]
[BlackElo "1899"]
[Annotator "NA RC"]
[PlyCount "165"]
[EventDate "2019.11.20"]
[EventType "tourn"]
[EventCountry "GRE"]
[SourceTitle "playchess.com"]
[Source "ChessBase"]
[SourceQuality "1"]
[TimeControl "40/5400+30:1800+30"]

1. e4 e5 2. Nf3 Nc6 3. Bc4 Bc5 4. c3 Nf6 5. d3 d6 6. Nbd2 a6 7. Bb3 Ba7 8. h3 O-O 9. Nf1 d5 10. Qe2 {[%emt 0:01:10] C54: Giuoco Piano: 4 c3 Nf6, main lines with 5 d4 and 5 d3} Qd6 (10... Re8 11. Ng3 h6 12. Nh2 Be6 13. Ng4 Nh7 14. O-O Qd7 15. Qf3 Rad8 16. Nxh6+ gxh6 17. Nh5 Kh8 18. Bxh6 {½-½ (37) Li,R (2564)-Rambaldi,F (2574) Saint Louis 2017}) 11. g4 Na5 $146 ({Predecessor:} 11... Be6 12. Ng3 dxe4 13. dxe4 Bxb3 14. axb3 Rad8 15. Bg5 Qe6 16. b4 Rd7 17. Bxf6 Qxf6 {0-1 (78) Staniewicz,A (1046)-Kapicakova,L (1644) Kouty nad Desnou 2017}) 12. Bc2 c5 13. Ng3 d4 14. c4 b5 15. b3 Rd8 16. Bg5 h6 17. Bd2 Bb6 18. g5 (18. Nh4 $11) 18... hxg5 19. Bxg5 ({Better is} 19. Nxg5 $15 Ra7 20. Bd1) 19... Re8 20. Nh4 g6 21. Rg1 Kf8 22. Qf3 (22. f4 $11) 22... Nh7 23. Bd2 Qf6 24. Qxf6 Nxf6 $11 25. Bh6+ Ke7 26. Bg5 Bd8 27. Nf3 Kd6 28. h4 Bg4 29. Nh2 Be6 30. Kd2 Ng4 31. Nxg4 Bxg4 32. Bd1 Bxd1 33. Raxd1 f6 34. Bh6 Rh8 35. Bg7 Rxh4 36. Ne2 g5 37. Ng3 Ke6 38. Nf5 Rf4 39. Ke2 Kf7 40. Bh6 Bc7 41. Rh1 Rg8 42. Rdg1 Bd8 43. f3 Nc6 44. cxb5 axb5 45. Rc1 Ne7 46. Nd6+ Kg6 47. Rxc5 b4 48. Rb5 Bc7 49. Nc4 Ra8 50. Rb7 Rxa2+ 51. Nd2 Rc2 52. Bf8 Kf7 53. Bxe7 Kxe7 54. Rh7+ Kd8 55. Kd1 Rc6 56. Rxb4 Rh4 57. Rxh4 gxh4 58. Rc4 Ra6 59. f4 Ra2 60. Nf3 h3 61. Rc2 Rxc2 62. Kxc2 exf4 63. Kd2 Ba5+ 64. Ke2 Kd7 65. Kf1 Bc3 66. Kg1 Kc6 67. Kh2 Kb5 68. Kxh3 Kb4 69. Kg4 Kxb3 70. Kxf4 Kc2 71. e5 fxe5+ 72. Nxe5 Kb3 73. Nc6 Ka4 74. Ke4 Kb5 75. Nxd4+ Kc5 76. Ne6+ Kd6 77. Nf4 Bg7 78. Nd5 Bh8 79. Ne3 Bc3 80. Nf5+ Ke6 81. Nd4+ Bxd4 82. Kxd4 Kd6 83. Kc4 1/2-1/2

[Event "42nd GRE-ch Women 2019"]
[Site "Thessaloniki"]
[Date "2019.11.27"]
[Round "8.4"]
[White "Vozinaki, Anthi - Maria"]
[Black "Koutsidi, Amalia"]
[Result "0-1"]
[ECO "B90"]
[WhiteElo "1878"]
[BlackElo "1724"]
[Annotator "NA RC"]
[PlyCount "58"]
[EventDate "2019.11.20"]
[EventType "tourn"]
[EventCountry "GRE"]
[SourceTitle "playchess.com"]
[Source "ChessBase"]
[SourceQuality "1"]
[TimeControl "40/5400+30:1800+30"]

1. e4 c5 2. Nf3 d6 3. d4 cxd4 4. Nxd4 Nf6 5. Nc3 a6 6. Be3 e5 7. Nb3 Be7 8. f3 O-O 9. Qd2 Nbd7 10. O-O-O b5 11. g4 b4 12. Nd5 $14 Nxd5 13. exd5 a5 14. Kb1 Qc7 15. g5 Nb6 16. Qf2 Nc4 17. Bxc4 Qxc4 18. f4 a4 19. Nc1 b3 20. axb3 axb3 21. Nxb3 Bf5 22. fxe5 Be4 23. Rd4 Qxb3 24. Rxe4 Qa2+ 25. Kc1 Qa1+ 26. Kd2 Qxh1 27. Qf4 Bxg5 28. Qxg5 Qxe4 29. exd6 Qb4+ 0-1

[Event "42nd GRE-ch Women 2019"]
[Site "Thessaloniki"]
[Date "2019.11.28"]
[Round "9.1"]
[White "Grapsa, Georgia"]
[Black "Hristodoulaki, Antonia"]
[Result "1/2-1/2"]
[ECO "B90"]
[WhiteElo "2026"]
[BlackElo "2054"]
[Annotator "NA RC"]
[PlyCount "20"]
[EventDate "2019.11.20"]
[EventType "tourn"]
[EventCountry "GRE"]
[SourceTitle "playchess.com"]
[Source "ChessBase"]
[SourceQuality "1"]
[TimeControl "40/5400+30:1800+30"]

1. e4 c5 2. Nf3 d6 3. d4 cxd4 4. Nxd4 Nf6 5. Nc3 a6 6. Be3 Ng4 7. Bg5 Nf6 8. Be3 Ng4 9. Bc1 Nf6 10. Be3 Ng4 $11 1/2-1/2

[Event "42nd GRE-ch Women 2019"]
[Site "Thessaloniki"]
[Date "2019.11.28"]
[Round "9.4"]
[White "Serefidou, Despina"]
[Black "Makka, Evanthia"]
[Result "1-0"]
[ECO "B01"]
[WhiteElo "1899"]
[BlackElo "2059"]
[Annotator "NA RC"]
[PlyCount "111"]
[EventDate "2019.11.20"]
[EventType "tourn"]
[EventCountry "GRE"]
[SourceTitle "playchess.com"]
[Source "ChessBase"]
[SourceQuality "1"]
[TimeControl "40/5400+30:1800+30"]

1. e4 d5 2. exd5 Qxd5 3. Nc3 Qd6 4. d4 Nf6 5. Nf3 g6 6. Bc4 Bg7 7. Ne5 {[%emt 0:03:24] B01: Scandinavian Defence} (7. h3 O-O 8. O-O a6 9. a4 c5 10. d5 Nbd7 11. Qe2 Nb6 12. Rd1 Nxc4 13. Qxc4 Bf5 14. Be3 Rfc8 15. a5 b5 16. axb6 Qxb6 17. Na4 Qb5 18. Qxb5 {½-½ (18) Zhigalko,S (2641)-Rakhmanov,A (2653) Riadh 2017}) 7... O-O 8. Be3 ({White should try} 8. O-O $14) 8... c6 $146 ({Predecessor:} 8... a6 9. Bb3 Nc6 10. Nc4 Qd8 11. f3 b5 12. Ne5 Na5 13. Qd2 Nxb3 14. axb3 {1-0 (47) Bossov,A (2195)-Grimberg,B (2307) Bayern 2015}) 9. a4 Nbd7 10. f4 Nb6 11. Bb3 Nbd5 12. Nxd5 Nxd5 13. Bd2 Be6 14. O-O Nc7 15. c3 b6 16. Bxe6 Nxe6 17. Be3 Rac8 18. Qg4 Nc7 19. Rae1 e6 20. Qf3 Nd5 21. Bf2 Ne7 22. g4 Qd5 23. Bh4 Rfe8 24. Qh3 f6 25. Nd3 g5 (25... Qc4 $11) 26. Bf2 Ng6 27. Qe3 Rcd8 28. Nb4 gxf4 29. Nxd5 fxe3 30. Nxe3 Bh6 31. Bg3 Bg5 32. Nc4 Kg7 33. Re2 (33. a5 $16) 33... c5 $2 (33... Bh4 $14) 34. dxc5 ({Better is} 34. Nd6 $18) 34... bxc5 35. Nd6 Re7 36. Ne4 c4 37. Nd6 Kg8 38. Nxc4 Rd3 {[%emt 0:00:46] [#]} (38... e5 $14) 39. Nd6 $1 e5 40. Ne4 Kg7 41. Nxg5 fxg5 42. Rf5 Kh6 (42... h6 $142 43. Bxe5+ Nxe5) 43. Bxe5 Rd5 44. Bf6 Rxf5 45. Bxe7 Rf4 46. a5 Rxg4+ 47. Kf2 Nf4 48. Kf3 Rg1 49. Rd2 $18 Kh5 50. Bc5 Rf1+ 51. Ke4 Kg4 52. Bxa7 Re1+ 53. Kd4 Kf5 54. Bb8 Re4+ 55. Kc5 Ne6+ 56. Kb6 1-0

[Event "42nd GRE-ch Women 2019"]
[Site "Thessaloniki"]
[Date "2019.11.28"]
[Round "9.5"]
[White "Makka, Ioulia"]
[Black "Stefanidi, Maria-Anna"]
[Result "1/2-1/2"]
[ECO "B40"]
[WhiteElo "2048"]
[BlackElo "2012"]
[Annotator "NA RC"]
[PlyCount "84"]
[EventDate "2019.11.20"]
[EventType "tourn"]
[EventCountry "GRE"]
[SourceTitle "playchess.com"]
[Source "ChessBase"]
[SourceQuality "1"]
[TimeControl "40/5400+30:1800+30"]

1. e4 c5 2. Nf3 e6 3. Qe2 Nc6 4. c3 d5 5. exd5 Qxd5 6. Na3 {[%emt 0:01:34] C00: French: Unusual White 2nd moves} Nf6 7. d3 $146 ({Predecessor:} 7. g3 Qd8 8. Bg2 Be7 9. O-O O-O 10. Rd1 Bd7 11. Nc2 Qa5 12. d4 {½-½ (28) Zvjaginsev,V (2643)-Tregubov,P (2589) Moscow 2017}) 7... Bd6 8. Ng5 b6 9. Ne4 Bb8 10. Nxf6+ (10. Bh6 $5 Nxe4 11. dxe4 $14) 10... gxf6 11. Nc4 Bb7 12. Bd2 Bc7 13. Ne3 Qd7 14. Ng4 Qe7 15. f4 O-O-O 16. O-O-O f5 17. Nf2 h5 18. Nh3 a6 19. Ng5 b5 20. Rg1 b4 21. Be3 (21. Kb1 $11) 21... bxc3 22. bxc3 {[%emt 0:00:06] [#]} Qf6 ({Black should try} 22... c4 $1 $17 23. Kb1 (23. dxc4 f6) 23... e5) 23. Qb2 e5 24. Bxc5 exf4 25. Nf3 Rhe8 26. d4 Re3 27. Bd3 Ne7 28. Qa3 Nd5 29. Rd2 Rg8 30. Rgd1 Rxd3 31. Rxd3 Ne3 $2 {[%emt 0:00:05] [#]} ({Black should try} 31... a5 $14) 32. Re1 $2 {[%emt 0:04:16] [#]} ({Only move:} 32. d5 $1 $18) 32... Rxg2 $2 (32... Be4 $1 $17 {[%cal Re4d3] and life is bright.} 33. Rd2 Nc4) 33. Nd2 $4 {[%emt 0:02:29] [#]} (33. d5 $1 $18 {is the narrow road to win.}) 33... Be4 $2 (33... Qh4 $1 $19 34. Rd1 Qg4) 34. Nxe4 fxe4 35. Rdxe3 fxe3 36. Qa4 $2 (36. d5 $17) 36... Kd8 $2 ({Resist} 36... Rxh2 37. Qe8+ Kb7 38. Qxe4+ {[%mdl 64] Double Attack} Qc6 39. Qxe3 $17) (36... Qe6 $19 {is more deadly.} 37. Kb1 f5) 37. Qc4 Qf5 ({Don't play} 37... Qf2 38. Qd5+ {[%mdl 64] Double Attack} Kc8 39. Qa8+ {[%mdl 64] Double Attack} Bb8 40. Qc6+ Bc7 41. Qa8+ Bb8 42. Qc6+ Bc7 43. Qa8+ $11) (37... Bxh2 $17 38. Bb4 Rf2) 38. Qxa6 e2 (38... Qf2 $5 39. Qa8+ $8 {[%mdl 64] [#] Double Attack} Kd7 $1 40. Qd5+ Kc8 $1 41. Qa8+ Bb8 42. Qc6+ Bc7 43. Qa8+ Bb8 44. Qc6+ Bc7 45. Qa8+ $11) 39. Qa8+ Kd7 40. Qa4+ Kd8 41. Qa8+ Kd7 $11 42. Qa4+ Kd8 1/2-1/2